Map: Neon Violet Square LE

Players

axu - Winner!

  • Race: Protoss Protoss
  • League: Platinum
  • Spawn Location: 5:00

A.I. 1 (Easy)

  • Race: Zerg Zerg
  • Spawn Location: 11:00

VOD

Have the link to the VOD?

Description

Time

  • Played on: March 8, 2018, 8:51 a.m.
  • Length: 15:19
Show
View Real Time Build Order
Export as new Build Order

axu Protoss - Winner!

Build Orders: 1 Gate Expand, Oracle Opening 

Get SALT Encoding   

  12  0:01  Probe  
  13  0:13  Probe  
  14  0:27  Pylon, Probe  
  15  0:45  Probe  
  15  0:48  Gateway  
  16  0:57  Probe (Chrono Boost)  
  16  0:58  Assimilator  
  17  1:09  Probe (Chrono Boost)  
  18  1:14  Probe (Chrono Boost)  
  19  1:24  Probe  
  20  1:32  Nexus  
  20  1:46  Probe  
  21  1:50  Assimilator  
  21  1:59  Cybernetics Core  
  21  2:05  Probe  
  22  2:08  Pylon  
  22  2:18  Probe  
  23  2:30  Probe  
  23  2:37  Stargate  
  23  2:42  Probe  
  24  2:53  Probe  
  24  2:54  Probe  
  26  3:00  Gateway  
  26  3:03  Warp Gate (Chrono Boost)  
  26  3:05  Adept, Probe  
  29  3:09  Probe  
  30  3:17  Probe  
  30  3:18  Gateway, Oracle (Chrono Boost)  
  31  3:21  Probe  
  35  3:32  Probe  
  35  3:34  Probe  
  37  3:40  Adept  
  39  3:44  Probe  
  39  3:46  Probe  
  39  4:26  Robotics Facility  
  39  4:27  Gateway  
  39  4:29  Gateway  
  39  4:30  Probe x2  
  41  4:33  Gateway  
  41  4:42  Probe  
  42  4:49  Probe  
  43  4:54  Probe  
  43  4:57  Pylon  
  44  5:01  Probe  
  45  5:18  Twilight Council  
  45  5:19  Gateway  
  45  5:23  Pylon  
  45  5:26  Pylon  
  45  5:29  Assimilator  
  45  5:32  Probe x2  
  45  5:33  Assimilator  
  47  5:38  Adept x3  
  53  5:43  Pylon, Nexus  
  53  5:44  Probe x2  
  53  5:46  Pylon  
  53  5:49  Pylon  
  55  5:52  Pylon  
  55  5:53  Shield Battery, Pylon  
  55  5:56  Shield Battery  
  49  6:44  Immortal (Chrono Boost)  
  53  6:47  Stalker x4  
  53  6:48  Stalker x2  
  65  7:00  Stalker  
  67  7:09  Forge x2  
  68  7:15  Probe x2  
  68  7:16  Immortal (Chrono Boost)  
  68  7:17  Probe  
  74  7:27  Probe x2  
  74  7:29  Stalker x5, Protoss Ground Weapons Level 1 (Chrono Boost), Probe  
  87  7:30  Stalker x2, Protoss Ground Armor Level 1 (Chrono Boost)  
  91  7:39  Probe  
  91  7:40  Probe  
  91  7:41  Probe  
  94  7:46  Immortal (Chrono Boost)  
  94  7:47  Templar Archives  
  98  7:52  Probe x2  
  98  7:53  Probe  
  98  7:54  Sentry x4  
  109  8:12  Zealot x3  
  115  8:13  Charge (Chrono Boost)  
  115  8:22  Observer (Chrono Boost)  
  115  8:26  Probe x3  
  119  8:29  Assimilator  
  119  8:33  Assimilator  
  119  8:35  Immortal (Chrono Boost), Pylon  
  119  8:38  Probe  
  119  8:39  Pylon, Probe  
  125  8:52  Pylon  
  125  8:53  Probe x3  
  125  8:55  Pylon  
  128  9:00  Pylon  
  128  9:05  Probe  
  128  9:06  Psionic Storm  
  129  9:12  Immortal  
  133  9:21  Protoss Ground Weapons Level 2 (Chrono Boost)  
  133  9:29  Zealot x5, Protoss Shields Level 1 (Chrono Boost)  
  133  9:30  Zealot x2  
  144  9:43  Shield Battery  
  144  9:44  Shield Battery  
  144  9:48  Photon Cannon  
  144  9:49  Photon Cannon  
  144  9:51  Shield Battery  
  144  10:05  Probe  
  144  10:06  Probe x2  
  147  10:09  Stalker  
  147  10:10  Stalker x4  
  147  10:12  High Templar  
  147  10:13  High Templar  
  161  10:15  Nexus  
  161  10:18  Pylon, Probe  
  161  10:20  Pylon  
  162  10:22  Pylon  
  162  10:25  Assimilator  
  162  10:29  Assimilator  
  162  10:37  High Templar  
  162  10:38  High Templar x3  
  170  10:45  Warp Prism  
  172  11:04  Blink (Chrono Boost)  
  172  11:09  Protoss Shields Level 2  
  172  11:29  Protoss Ground Armor Level 2  
  172  11:32  Stargate  
  172  11:35  Stargate  
  172  11:38  Stargate  
  172  11:56  Immortal  
  172  11:58  Zealot x4  
  172  11:59  Zealot x3  
  190  12:01  Nexus  
  190  12:05  Assimilator  
  190  12:08  Assimilator  
  190  12:11  Pylon  
  190  12:14  Pylon  
  190  12:40  Fleet Beacon  
  190  14:18  Archon x2  
  190  14:19  Archon  
Show
View Real Time Build Order
Export as new Build Order

A.I. 1 (Easy) Zerg 

Build Orders: Pool First 

Get SALT Encoding   

  12  0:01  Drone  
  13  0:13  Overlord  
  13  0:18  Drone  
  14  0:31  Drone  
  14  0:35  Drone  
  16  0:42  Spawning Pool  
  15  0:45  Drone  
  15  0:49  Extractor  
  15  0:51  Drone  
  16  0:59  Overlord  
  16  1:31  Zergling x2  
  16  1:32  Queen  
  19  1:33  Roach Warren  
  19  1:35  Extractor  
  19  1:36  Drone  
  18  1:42  Drone  
  18  1:45  Zergling x2  
  20  2:05  Overlord  
  20  2:13  Roach  
  22  2:19  Drone  
  23  2:25  Drone  
  24  2:35  Drone  
  25  2:38  Roach  
  25  2:40  Drone  
  28  2:44  Drone  
  28  2:48  Drone  
  30  2:58  Overlord  
  30  3:09  Roach  
  32  4:36  Drone  
  30  4:40  Drone  
  30  4:44  Drone  
  24  4:49  Drone  
  25  4:54  Drone  
  25  4:58  Drone  
  27  5:02  Drone  
  27  5:07  Drone  
  29  5:11  Drone  
  30  5:15  Drone  
  30  5:20  Drone  
  32  5:25  Drone  
  32  5:26  Lair  
  33  5:30  Drone  
  33  5:31  Overlord  
  33  5:34  Drone  
  35  5:38  Drone  
  35  6:11  Zergling x2  
  35  6:23  Overseer x2  
  35  6:25  Hydralisk Den  
  34  6:27  Drone  
  33  6:55  Roach  
  31  7:02  Hatchery  
  30  7:14  Roach  
  32  7:20  Overseer  
  32  7:32  Hydralisk  
  34  7:52  Ravager, Hydralisk  
  37  8:12  Roach  
  39  8:15  Drone  
  41  8:20  Drone  
  41  8:24  Drone  
  41  8:26  Extractor  
  41  8:28  Drone, Extractor  
  41  8:32  Drone  
  42  8:37  Drone  
  44  8:41  Drone  
  44  8:45  Drone  
  44  8:47  Overlord  
  45  8:50  Drone  
  45  8:54  Drone  
  47  8:58  Drone  
  48  9:03  Drone  
  48  9:07  Drone  
  50  9:11  Drone  
  50  9:15  Drone  
  52  9:20  Drone  
  52  9:21  Overlord  
  53  9:24  Drone  
  53  9:28  Drone  
  55  9:33  Drone  
  55  9:37  Drone  
  57  9:41  Drone  
  58  9:46  Drone  
  58  9:48  Pneumatized Carapace  
  58  9:49  Overlord x2, Overseer  
  58  9:50  Evolution Chamber, Drone  
  58  9:51  Spire  
  58  10:07  Drone  
  58  10:12  Drone  
  48  11:03  Mutalisk  
  48  11:05  Zerg Flyer Weapons Level 1  
  50  11:21  Mutalisk  
  52  11:38  Mutalisk  
  54  11:55  Mutalisk  
  56  12:12  Mutalisk  
  58  12:29  Mutalisk  
  60  12:46  Mutalisk  
  62  13:11  Mutalisk  
  52  13:23  Hatchery  
  52  13:26  Hydralisk  
  49  13:29  Drone  
  49  13:33  Drone  
  40  13:38  Drone  
  28  13:41  Zergling x2  
  28  13:42  Drone  
  28  13:46  Drone  
  26  13:51  Drone  
  26  13:55  Drone  
  28  13:56  Roach  
  28  13:59  Drone  
  28  14:00  Mutalisk  
  25  14:04  Mutalisk, Drone  
  25  14:08  Mutalisk, Drone  
  27  14:10  Queen  
  27  14:15  Zergling x2  
  27  14:16  Hatchery  
  25  14:20  Drone, Zergling x2  
  26  14:24  Zergling x2  
  26  14:27  Drone  
  16  14:35  Overseer  
  16  14:37  Drone  
  6  14:38  Roach  
  5  14:45  Drone  
  3  14:56  Drone  
  4  15:07  Drone  
Tags
 
Add a new tag
Caveats
  • Supply blocks, unpowered buildings, or Contaminate may cause inaccurate times.
  • Supply counts are checked every 10 seconds.